 Dungeon Crawl Stone Soup version 0.22.1-2-g9c5b331383 (webtiles) character file.

178 Peloso the Slasher (level 5, -1/47 HPs)
             Began as a Minotaur Fighter on Nov 24, 2018.
             Blown up by Ijyb (17 damage)
             ... with a wand of disintegration (3)
             ... on level 4 of the Dungeon.
             The game lasted 00:06:27 (2505 turns).

Peloso the Slasher (Minotaur Fighter)               Turns: 2505, Time: 00:06:28

Health: -1/47      AC:  9    Str: 21    XL:     5   Next: 32%
Magic:  4/4        EV:  7    Int:  5    God:
Gold:   92         SH:  9    Dex: 10    Spells: 4/4 levels left

rFire    . . .     SeeInvis .   a - +0 long sword
rCold    . . .     Gourm    .   c - +0 shield
rNeg     . . .     Faith    .   b - +0 scale mail
rPois    .         Spirit   .   (helmet restricted)
rElec    .         Reflect  .   p - +1 cloak {+Inv}
rCorr    .         Harm     .   (no gloves)
MR       .....                  (no boots)
Stlth    ..........             (no amulet)
HPRegen  0.15/turn              (no ring)
MPRegen  0.09/turn              (no ring)

@: no status effects
A: retaliatory headbutt, horns 2
a: Evoke Invisibility


You were on level 4 of the Dungeon.
You were not hungry.

You visited 1 branch of the dungeon, and saw 4 of its levels.

You collected 92 gold pieces.

Inventory:

Hand Weapons
 a - a +0 long sword (weapon)
Armour
 b - a +0 scale mail (worn)
 c - a +0 shield (worn)
 o - a scarf of repulsion
 p - a +1 cloak of invisibility (worn)
 u - a +2 cloak
Scrolls
 e - 2 scrolls of enchant weapon {unknown}
 g - a scroll of amnesia {unknown}
 h - a scroll of fog {unknown}
 j - a scroll of fear {unknown}
 k - a scroll of remove curse {unknown}
 l - 2 scrolls of identify {unknown}
 n - a scroll of teleportation {unknown}
 q - 2 scrolls of blinking {unknown}
 v - a scroll of enchant armour {unknown}
Potions
 d - a potion of might
 i - a potion of heal wounds {unknown}
 m - 3 potions of lignification {unknown}
 r - a potion of haste {unknown}
 s - a potion of brilliance {unknown}
 t - 2 potions of flight {unknown}
Comestibles
 f - 6 rations
 w - a chunk of flesh


   Skills:
 + Level 4.3 Fighting
 + Level 4.8 Long Blades
 + Level 4.5 Armour
 + Level 0.1 Dodging
 + Level 4.6 Shields


You had 4 spell levels left.
You didn't know any spells.
Your spell library was empty.

Dungeon Overview and Level Annotations

Branches:
Dungeon (4/15)
 Temple: D:4-7

Altars:

Annotations:
D:4 Ijyb


Innate Abilities, Weirdness & Mutations

You reflexively headbutt those who attack you in melee.
You have a pair of horns on your head.


Message History

You hit Ijyb but do no damage.
Ijyb is moderately wounded.
Ijyb zaps a wand.
You barely resist. You barely miss Ijyb.
Ijyb is moderately wounded.
Ijyb zaps a wand.
You barely resist.
Unknown command.
You barely miss Ijyb. You headbutt Ijyb, but do no damage.
Ijyb is moderately wounded.
Ijyb hits you but does no damage.
You hit Ijyb but do no damage.
Ijyb is moderately wounded.
You block Ijyb's attack.
You hit Ijyb. Your headbutt misses Ijyb.
Ijyb is heavily wounded.
Ijyb hits you but does no damage. You block Ijyb's attack.
You barely miss Ijyb.
Ijyb is heavily wounded.
Ijyb zaps a wand.
You are blasted!
You die...

#.#
#.###..####.#
#.# #.. ...#
#.#########....
#.......#
######
#######.####
#.#.. #.#.#
######.#.#
........@g#
#######.....#
#####.# #


You could see Ijyb.

Vanquished Creatures
  Crazy Yiuf (D:2)
  Jessica (D:2)
  A worker ant (D:4)
  Robin (D:2)
  An adder (D:2)
  An ooze (D:1)
  2 worms (D:2)
  3 dart slugs
  2 leopard geckos
  2 ball pythons
  3 giant cockroaches
  15 goblins
  13 hobgoblins
  2 bats (D:1)
  5 frilled lizards
  5 kobolds
  A rat (D:1)
  A plant (D:1)
60 creatures vanquished.

Notes
Turn   | Place    | Note
-------+----------+-------------------------------------------
     0 | D:1      | Peloso the Minotaur Fighter began the quest for the Orb.
     0 | D:1      | Reached XP level 1. HP: 19/19 MP: 0/0
   148 | D:1      | Reached XP level 2. HP: 25/27 MP: 1/1
   345 | D:1      | Reached XP level 3. HP: 27/33 MP: 2/2
  1659 | D:2      | Noticed Robin
  1672 | D:2      | Reached XP level 4. HP: 38/40 MP: 3/3
  1678 | D:2      | Killed Robin
  1720 | D:2      | You fall through a shaft!
  1971 | D:2      | Noticed Jessica
  1981 | D:2      | Killed Jessica
  2029 | D:2      | Found a runed door.
  2275 | D:2      | Noticed Crazy Yiuf
  2285 | D:2      | Killed Crazy Yiuf
  2285 | D:2      | Reached XP level 5. HP: 22/47 MP: 4/4
  2494 | D:4      | Noticed Ijyb
  2505 | D:4      | Blown up by Ijyb

Skill      XL: |  1  2  3  4 |
---------------+-------------+-----
Fighting       | 4 |  4.3
Armour         | 4 |  4.5
Long Blades    | 3 4 |  4.8
Shields        | 4 |  4.6
Dodging        | |  0.1

Action                   |  1- 3 |  4- 6 || total
-------------------------+-------+-------++-------
Melee: Long sword        |   102 |    64 ||   166
       Headbutt          |    18 |    10 ||    28
  Eat: Chunk             |     2 |     3 ||     5
Armor: Scale mail        |    41 |    20 ||    61
Dodge: Dodged            |    27 |     8 ||    35
       Deflected         |       |     1 ||     1
Block: Shield            |    49 |    28 ||    77
       Rpst.: Long sword |     8 |     2 ||    10
